 Dungeon Crawl Stone Soup version 0.27.0-1-g7a089689b8 (webtiles) character file.

Game seed: 15594076940313528958

100 Leeroy the Slasher (level 5, 0/38 HPs)
             Began as a Djinni Warper on Aug 5, 2021.
             Slain by a goblin (3 damage)
             ... on level 3 of the Dungeon.
             The game lasted 00:01:58 (2247 turns).

Leeroy the Slasher (Djinni Warper)                  Turns: 2247, Time: 00:01:59

Health: 0/38       AC:  3    Str: 10    XL:     5   Next: 3%
Gold:   48         EV: 11    Int: 15    God:
                   SH:  0    Dex: 13

rFire    + + .     SeeInvis +   a - +0 falchion
rCold    x . .     Faith    .   (no shield)
rNeg     . . .     Spirit   .   b - +0 leather armour
rPois    ∞         Reflect  .   (no helmet)
rElec    .         Harm     .   (no cloak)
rCorr    .         Rampage  .   (no gloves)
Will     .....                  (boots unavailable)
Stlth    +.........             (no amulet)
HPRegen  0.12/turn              k - ring of see invisible
MPRegen  0.00/turn              (no ring)

@: flying
A: sickness immunity, fire resistance 2, cold vulnerability 1, float, innate
caster, hp casting, extra vitality 1
a: no special abilities


You were on level 3 of the Dungeon.
You visited 1 branch of the dungeon, and saw 3 of its levels.

You collected 48 gold pieces.

Inventory:

Hand Weapons
 a - a +0 falchion (weapon)
Missiles
 d - 5 boomerangs of dispersal
 f - a javelin (quivered)
Armour
 b - a +0 leather armour (worn)
 j - a +0 ring mail
Jewellery
 k - a ring of see invisible (left hand)
 l - a +4 ring of protection
Scrolls
 c - a scroll of blinking
Potions
 g - 2 potions of brilliance {unknown}
 h - a potion of heal wounds {unknown}
 i - a potion of curing {unknown}
 m - a potion of degeneration {unknown}


   Skills:
 - Level 2.0 Fighting
 + Level 4.3 Long Blades
 - Level 0.7 Throwing
 - Level 1.0 Armour
 - Level 2.1 Dodging
 - Level 2.4 Spellcasting


You couldn't memorise any spells.
You knew the following spells:

 Your Spells              Type           Power      Damage    Failure   Level
a - Blink                 Tloc           N/A        N/A       16%         2
b - Lesser Beckoning      Tloc           4%         N/A       32%         3
c - Gell's Gravitas       Tloc           4%         N/A       32%         3
d - Teleport Other        Tloc           9%         N/A       32%         3
e - Manifold Assault      Tloc           9%         N/A       96%         5
f - Pain                  Necr           36%        1d5       11%         1
g - Searing Ray           Conj           18%        3d3       16%         2
Your spell library was empty.

Dungeon Overview and Level Annotations

Branches:
Dungeon (3/15)

Altars:

Annotations:
D:2 Sigmund


Innate Abilities, Weirdness & Mutations

You are immune to sickness and miasma.
You are immune to poison.
Your flesh is very heat resistant. (rF++)
You are vulnerable to cold. (rC-)
You float through the air rather than walking.
You learn spells naturally, not from books.
Your magical power is your life essence.
You have superior vitality. (+4 HP)


Message History

You barely miss the kobold brigand.
The kobold brigand is heavily wounded.
The kobold brigand hits you with a +0 club.
* * * LOW HITPOINT WARNING * * *
Throw: dart (curare)
Press: ? - help, Q - select action, (/) - cycle Shift-Dir - straight line, f/p - kobold brigand
Aim: a kobold brigand, wielding a +0 club and quivering poisoned darts (severely wounded, poisoned, slow, 50% to hit)
You throw a curare-tipped dart.
The curare-tipped dart hits the kobold brigand.
The kobold brigand looks even sicker.
The kobold brigand convulses.
The kobold brigand seems to be slow for longer.
The kobold brigand is almost dead.
Throw: 2 javelins
Press: ? - help, Q - select action, (/) - cycle Shift-Dir - straight line, f/p - kobold brigand
Aim: a kobold brigand, wielding a +0 club and quivering poisoned darts (almost dead, very poisoned, slow, 50% to hit)
You throw a javelin.
The javelin pierces through the kobold brigand but does no damage.
The kobold brigand is almost dead.
The javelin closely misses the goblin.
You barely miss the kobold brigand.
The kobold brigand is almost dead.
The kobold brigand hits you with a +0 club.
* * * LOW HITPOINT WARNING * * *
Unknown command.
You kill the kobold brigand!
Your Long Blades skill increases to level 4!
You have reached level 4!
You feel agile.
You have reached level 5!
The power to cast Searing Ray wells up from within.
Spell assigned to 'g'.
The goblin barely misses you.
You miss the goblin. You hit the goblin.
The goblin is severely wounded.
The goblin misses you. The goblin hits you but does no damage.
You barely miss the goblin.
The goblin is severely wounded.
The goblin hits you with a +0 club.
You die...

. #.#.# .... #.#..
.... ..#.# #..# #
#.. #..# #.#.#
#..###### #.#..
#........ .....
#........ ...#..
#@.# #####.>
#g.#.. .......
#..#.# #######...
#..#.####....##..#
#..#.##...........
#..#.##.#.#.###.##
#..#.##.#.#.# #.##
#).#.##.#.#.# #.##
#(..........# #...


You could see a goblin.

Vanquished Creatures
  A kobold brigand (D:3)
  6 orcs (D:3)
  A ball python (D:2)
  4 endoplasms
  2 hobgoblins
  2 kobolds
  A bat (D:1)
  A frilled lizard (D:2)
  A goblin (D:2)
  A rat (D:3)
20 creatures vanquished.

Notes
Turn   | Place    | Note
-------+----------+-------------------------------------------
     0 | D:1      | Leeroy the Djinni Warper began the quest for the Orb.
     0 | D:1      | Reached XP level 1. HP: 18/18 MP: 0/0
    72 | D:1      | Reached skill level 2 in Long Blades
    72 | D:1      | Found a faded altar of an unknown god.
   945 | D:2      | Reached XP level 2. HP: 19/23 MP: 0/0
  1068 | D:2      | Noticed Sigmund
  1794 | D:3      | Reached skill level 3 in Long Blades
  1794 | D:3      | Reached XP level 3. HP: 18/28 MP: 0/0
  1794 | D:3      | Learned a level 1 spell: Pain
  2191 | D:3      | Noticed a kobold brigand
  2238 | D:3      | HP: 1/28 [kobold brigand (5)]
  2239 | D:3      | Killed a kobold brigand
  2240 | D:3      | Reached skill level 4 in Long Blades
  2240 | D:3      | Reached XP level 4. HP: 1/33 MP: 0/0
  2240 | D:3      | Reached XP level 5. HP: 2/38 MP: 0/0
  2240 | D:3      | Learned a level 2 spell: Searing Ray
  2247 | D:3      | Slain by a goblin

Illustrated notes

Levels and vault maps discovered:
D:1:      matt_arrival_grand_opening, layout_basic,
          dreamdust_ecumenical_altar_statues
D:2:      layout_loops_ring, uniq_sigmund
D:3:      layout_basic

Skill      XL: |  1  2  3 |
---------------+----------+-----
Long Blades    | 2 3 4 |  4.3
Fighting       | |  2.0
Throwing       | |  0.7
Armour         | |  1.0
Dodging        | |  2.1
Spellcasting   | |  2.4

Action                   |  1- 3 |  4- 6 || total
-------------------------+-------+-------++-------
Melee: Falchion          |    71 |     3 ||    74
Throw: Dart              |     4 |       ||     4
       Javelin           |     2 |       ||     2
 Cast: Blink             |     1 |       ||     1
  Use: Scroll            |     2 |       ||     2
Armor: Leather armour    |     7 |     1 ||     8
Dodge: Dodged            |    28 |     2 ||    30
       Rpst.: Falchion   |     6 |       ||     6
